General information
- name: BNet
- type: Ladder 1vs1/FFA
- host: Battle.net
- saver: ForeverAzOne
map: TurtleRock
- players: 2
- length: 27:36
- speed: Fast
- version: 1.26 W3XP
- replay type: Public
» download(141 KB)
Players
team 1 (winner)
ForeverAzOne (
teal | 214 APM | 5922 actions | 27:36)
6 Archmage
3 Summon Water Elemental
2 Brilliance Aura
1 Mass Teleport
6 Mountain King
3 Storm Bolt
2 Bash
1 Avatar
» actions
| Assign group hotkey | 74 | |
| Basic commands | 205 | |
| Build / train | 108 | |
| ESC pressed | 3 | |
| Enter build submenu | 23 | |
| Enter hero's abilities submenu | 13 | |
| Give item / drop item | 17 | |
| Right click | 1962 | |
| Select / deselect | 890 | |
| Select group hotkey | 2338 | |
| Use ability | 289 | |
5922 total
» units
| Peasant | 25 | |
| Footman | 4 | |
| Priest | 12 | |
| Spell Breaker | 9 | |
50 total
» upgrades
| Priest Training | 1 | |
| Swords | 2 | |
| Plating | 2 | |
| Lumber Harvesting | 1 | |
6 total
» buildings
| Altar of Kings | 2 | |
| Barracks | 1 | |
| Farm | 12 | |
| Keep | 1 | |
| Scout Tower | 1 | |
| Arcane Tower | 1 | |
| Arcane Vault | 2 | |
| Lumber Mill | 1 | |
| Arcane Sanctum | 2 | |
| Blacksmith | 1 | |
| Town Hall | 2 | |
26 total
» build order
00:06 Altar of Kings
00:08 Altar of Kings
00:20 Barracks
00:34 Farm
00:49 Farm
01:40 Farm
03:01 Keep
03:13 Scout Tower
03:15 Farm
03:45 Arcane Tower
04:16 Arcane Vault
04:43 Lumber Mill
04:58 Farm
05:46 Arcane Sanctum
05:50 Arcane Sanctum
07:50 Farm
08:49 Farm
10:14 Farm
10:52 Blacksmith
18:43 Town Hall
21:12 Arcane Vault
23:43 Farm
23:43 Farm
23:44 Farm
23:44 Farm
24:48 Town Hall
» items
| Boots of Speed | 1 | |
| Staff of Teleportation | 1 | |
| Potion of Healing | 5 | |
| Scroll of Regeneration | 4 | |
| Lesser Clarity Potion | 7 | |
| Scroll of Town Portal | 4 | |
| Potion of Lesser Invulnerability | 2 | |
| Scroll of Healing | 4 | |
| Potion of Mana | 2 | |
30 total
team 2 (loser)
Ks)King (
purple | 162 APM | 4469 actions | 27:33)
5 Archmage
2 Summon Water Elemental
2 Brilliance Aura
1 Blizzard
5 Pandaren Brewmaster
3 Breath of Fire
2 Drunken Haze
1 Paladin
1 Holy Light
» actions
| Assign group hotkey | 81 | |
| Basic commands | 82 | |
| Build / train | 94 | |
| Enter build submenu | 21 | |
| Enter hero's abilities submenu | 11 | |
| Give item / drop item | 7 | |
| Right click | 1603 | |
| Select / deselect | 1068 | |
| Select group hotkey | 1313 | |
| Use ability | 189 | |
4469 total
» units
| Peasant | 16 | |
| Footman | 15 | |
| Priest | 6 | |
| Spell Breaker | 8 | |
| Sorceress | 4 | |
| Knight | 2 | |
51 total
» upgrades
| Lumber Harvesting | 1 | |
| Swords | 3 | |
| Plating | 2 | |
| Defend | 1 | |
| Animal War Training | 1 | |
8 total
» buildings
| Altar of Kings | 2 | |
| Farm | 9 | |
| Barracks | 1 | |
| Keep | 2 | |
| Arcane Vault | 1 | |
| Lumber Mill | 1 | |
| Blacksmith | 1 | |
| Arcane Sanctum | 3 | |
| Town Hall | 1 | |
| Castle | 1 | |
22 total
» build order
00:06 Altar of Kings
00:08 Altar of Kings
00:10 Farm
00:13 Barracks
00:46 Farm
01:59 Farm
02:56 Keep
02:56 Keep
03:43 Arcane Vault
03:46 Farm
04:16 Lumber Mill
04:44 Farm
04:49 Blacksmith
05:40 Arcane Sanctum
05:46 Farm
06:35 Arcane Sanctum
08:46 Farm
08:47 Farm
10:40 Town Hall
14:30 Castle
15:59 Arcane Sanctum
19:43 Farm
» items
| Boots of Speed | 1 | |
| Potion of Lesser Invulnerability | 2 | |
| Periapt of Vitality | 1 | |
| Potion of Healing | 3 | |
| Scroll of Town Portal | 3 | |
| Staff of Sanctuary | 1 | |
| Scroll of Regeneration | 1 | |
12 total
Chat log
(00:13 / All) ForeverAzOne: gl hf
(00:20 / All) Ks)King: you too
(23:08 / All) Ks)King: wTF
(23:58 / All) Ks)King: lol cant belive this